 Dungeon Crawl Stone Soup version 0.26.1-11-gd32895ea62 (webtiles) character file.

Game seed: 4180742899926725483

48 H0rd4k the Insei (level 3, 0/23 HPs)
             Began as an Octopode Transmuter on July 20, 2021.
             Slain by an orc (3 damage)
             ... on level 3 of the Dungeon.
             The game lasted 00:01:10 (1996 turns).

H0rd4k the Insei (Octopode Transmuter)              Turns: 1996, Time: 00:01:11

Health: 0/23       AC:  1    Str:  7 (9)  XL:     3   Next: 72%
Magic:  1/6        EV: 13    Int: 15 (16) God:
Gold:   142        SH:  0    Dex: 10 (12) Spells: 2/6 levels left

rFire    + . .     SeeInvis .     - Unarmed
rCold    + . .     Faith    .   (no shield)
rNeg     . . .     Spirit   .   (helmet restricted)
rPois    +         Reflect  .   (no amulet)
rElec    +         Harm     .   (no ring)
rCorr    +         Rampage  .   (no ring)
Will     .....                  (no ring)
Stlth    ++........             (no ring)
HPRegen  0.07/turn              (no ring)
MPRegen  0.10/turn              (no ring)
                                (no ring)
                                (no ring)

@: brilliant, lethally poisoned (0 -> -5), resistant, attractive, very slightly
contaminated
A: almost no armour, stealthy swim, amphibious, 8 rings, constrict 8, camouflage
1, gelatinous body 1
a: no special abilities


You were on level 3 of the Dungeon.
You visited 1 branch of the dungeon, and saw 3 of its levels.

You collected 142 gold pieces.

Inventory:

Jewellery
 a - an uncursed amulet of guardian spirit {unknown}
Scrolls
 b - a scroll of random uselessness {unknown}
 c - a scroll of identify {unknown}
 f - a scroll of remove curse {unknown}
 h - a scroll of enchant weapon {unknown}
 j - a scroll of teleportation {unknown}


   Skills:
 + Level 1.1 Fighting
 + Level 2.2 Dodging
 - Level 1.3 Stealth
 + Level 3.7 Unarmed Combat
 * Level 2.1 Spellcasting
 * Level 2.3 Transmutations
 * Level 1.1 Poison Magic


You had 2 spell levels left.
You knew the following spells:

 Your Spells              Type           Power        Failure   Level
a - Beastly Appendage     Tmut           24%          9%          1
b - Spider Form           Tmut/Pois      5%           32%         3

Your spell library contained the following spells:

 Spells                   Type           Power        Failure   Level
 Wereblood                Tmut           12%          13%         2
 Ice Form                 Ice/Tmut       7%           80%         4
 Blade Hands              Tmut           6%           93%         5


Dungeon Overview and Level Annotations

Branches:
Dungeon (3/15)

Altars:


Innate Abilities, Weirdness & Mutations

You cannot wear most types of armour.
You are very stealthy in the water. (Stealth+)
You are amphibious.
You can wear up to eight rings at the same time.
You can use your tentacles to constrict eight enemies at once.
Your skin changes colour to match your surroundings (Stealth+).
Your rubbery body absorbs attacks. (AC +1, EV +1)


Message History

You kill the giant cockroach!
It was a potion of degeneration.
There was something very wrong with that liquid.
You feel weakened.
You feel dopey.
You feel clumsy.
* * * LOW HITPOINT WARNING * * *
You feel sick. The orc closely misses you.
It was a potion of brilliance.
You feel clever all of a sudden. The orc closely misses you.
It was a potion of attraction.
You feel attractive to monsters.
* * * LOW HITPOINT WARNING * * *
You feel sick. The orc wizard is pulled toward you!
The orc wizard shouts!
You tentacle-slap the orc. You grab the orc.
The orc is moderately wounded.
You constrict the orc.
You hear a shout! x2; You hear an angry hiss.
You release your grip on the orc.
The orc hits you.
You die...

≈≈≈......##.#..........#
#≈.[...................#
..#######.......$....#
.#
######............####.
....[.........(.......o
######o..!.K..........
#K#..............
#####o#..............
#...@.#####.....o...#
#.....# #.........#
#.....# #.........#
#.....# #.........#
#...... ...>......#
#....... .........$.#
#....... #........


You could see an orc wizard, an orc and a kobold.

Vanquished Creatures
  An ooze (D:2)
  A worm (D:2)
  3 dart slugs (D:2)
  2 leopard geckos (D:1)
  3 bats
  A giant cockroach (D:3)
  2 goblins (D:2)
  8 hobgoblins
  3 kobolds
  A ball python (D:2)
  4 frilled lizards
  2 rats (D:1)
31 creatures vanquished.

Notes
Turn   | Place    | Note
-------+----------+-------------------------------------------
     0 | D:1      | H0rd4k the Octopode Transmuter began the quest for the Orb.
     0 | D:1      | Reached XP level 1. HP: 13/13 MP: 3/3
   325 | D:1      | Reached XP level 2. HP: 15/18 MP: 5/5
   610 | D:1      | Reached skill level 1 in Stealth
  1015 | D:2      | Reached XP level 3. HP: 22/23 MP: 6/6
  1019 | D:2      | Learned a level 3 spell: Spider Form
  1850 | D:2      | Reached skill level 1 in Poison Magic
  1996 | D:3      | Slain by an orc

Illustrated notes

Levels and vault maps discovered:
D:1:      kilobyte_arrival_exit_the_forest, layout_rooms
D:2:      layout_loops_corners, minivault_27
D:3:      layout_basic, chequers_temple_overflow_statue_of_worship,
          chequers_serial_rivers_small_a

Skill      XL: |  1  2  3 |
---------------+----------+-----
Stealth        | 1 |  1.3
Poison Magic   | 1 |  1.1
Fighting       | |  1.1
Dodging        | |  2.2
Unarmed Combat | |  3.7
Spellcasting   | |  2.1
Transmutations | |  2.3

Action                   || total
-------------------------++-------
Melee: Unarmed           ||    72
       Constrict         ||    23
       Tentacles         ||     7
       Punch             ||     2
  Use: Potion            ||     4
 Stab: Sleeping          ||    10
Armor: Skin              ||     1
Dodge: Dodged            ||    44
